 Dungeon Crawl Stone Soup version 0.30-a0-1157-g2cc9ac7196 (webtiles) character file.

Game seed: 3133478147946741925

573790 bobo the Slayer (level 27, -5/250 (268) HPs)
             Began as a Hill Orc Monk on Apr 24, 2023.
             Was the Champion of Wu Jian.
             Slain by a death cob (16 damage)
             ... on level 2 of the Realm of Zot on Apr 25, 2023.
             The game lasted 04:27:41 (53369 turns).

bobo the Slayer (Hill Orc Monk)                    Turns: 53369, Time: 04:27:42

HP:   -5/250 (268)  AC: 34    Str: 26    XL:     27
MP:   20/42         EV: 14    Int: 17    God:    Wu Jian [******]
Gold: 4298          SH:  0    Dex: 15    Spells: 1/57 levels left

rFire   + . .        U - +9 executioner's axe (freeze)
rCold   . . .        (shield currently unavailable)
rNeg    . . .        N - +5 storm dragon scales {Bai Suzhen}
rPois   +            u - +2 hat {Will+}
rElec   +            X - +2 cloak of the Thief {*Fog Slay-2 SInv Stlth+}
rCorr   .            d - +0 pair of gloves "Ymioducs" {Int+4}
SInv    +            o - +0 pair of boots of Muchuan {+Blink rPois rF+ Int+3}
Will    +++++        L - amulet of regeneration Stlth
                     I - ring of wizardry
HPRegen 1.41/turn    O - ring "Cufirgh" {rPois Will++ Int-2 Dex+2}
MPRegen 0.28/turn

%: wizardry (x1)
@: exhausted, death channelling, animating dead, very slightly contaminated,
slowed, studying Long Blades, drained, very slow
A: no striking features
}: 3/15 runes: decaying, silver, gossamer
a: Renounce Religion, Evoke Blink, Wall Jump, Serpent's Lash, Heavenly Storm


You were on level 2 of the Realm of Zot.
You worshipped Wu Jian.
Wu Jian was exalted by your worship.
You visited 10 branches of the dungeon, and saw 47 of its levels.
You visited the Abyss 2 times.
You also visited: Ossuary, Volcano and Wizlab.

You collected 8949 gold pieces.
You spent 4651 gold pieces at shops.

Inventory:

Hand Weapons
 j - a +2 battleaxe of pain
 Q - the +8 demon blade "Leech" {evervamp, Harm Drain rN+}
   (You took it off a deep elf zephyrmancer on level 3 of the Elven Halls)

   rN:        It protects you from negative energy.
   Drain:     It drains your maximum health when unequipped.
   Harm:      It increases damage dealt and taken.
 U - a +9 executioner's axe of freezing (weapon)
 Y - a +5 broad axe of electrocution
Armour
 d - the +0 pair of gloves "Ymioducs" (worn) {Int+4}
   (You bought it in a shop on level 1 of the Orcish Mines)

   Int:       It affects your intelligence (+4).
 o - the +0 pair of boots of Muchuan (worn) {+Blink rPois rF+ Int+3}
   (You found it on level 4 of the Spider Nest)

   Int:       It affects your intelligence (+3).
   rF:        It protects you from fire.
   rPois:     It protects you from poison.
   +Blink:    It lets you blink.
 u - a +2 hat of willpower (worn)
 N - +5 storm dragon scales (worn) {Bai Suzhen}
 X - the +2 cloak of the Thief (worn) {*Fog Slay-2 SInv Stlth+}
   (You found it on level 1 of the Vaults)

   *Fog:      It may release a thick cloud of smoke when the wearer is hurt.
   Slay:      It affects your accuracy & damage with ranged weapons and melee
   (-2).
   SInv:      It lets you see invisible.
   Stlth:     It makes you more stealthy.
Jewellery
 h - a ring of see invisible
 G - the ring "Ussunwaa" {rC+ Str+4 Dex+6}
   (You found it on level 1 of the Swamp)

   [ring of dexterity]

   Str:       It affects your strength (+4).
   Dex:       It affects your dexterity (+6).
   rC:        It protects you from cold.
 I - a ring of wizardry (left hand)
 K - the macabre finger necklace {Finger+ rN+}
   (You found it on level 3 of the Crypt)

   [amulet of nothing]

   Finger+:   It enables you to equip an extra ring.
   rN:        It protects you from negative energy.
 L - an amulet of regeneration (around neck)
 O - the ring "Cufirgh" (right hand) {rPois Will++ Int-2 Dex+2}
   (You found it on level 3 of the Lair of Beasts)

   [ring of poison resistance]

   Int:       It affects your intelligence (-2).
   Dex:       It affects your dexterity (+2).
   rPois:     It protects you from poison.
   Will:      It greatly increases your willpower.
Wands
 c - a wand of polymorph (11)
 e - a wand of paralysis (56)
 l - a wand of roots (49)
 s - a wand of digging (17)
 D - a wand of quicksilver (41)
 J - a wand of mindburst (72)
 S - a wand of flame (42)
Scrolls
 f - 9 scrolls of amnesia
 g - 8 scrolls of blinking
 i - 12 scrolls of fear
 k - a scroll of torment
 m - 23 scrolls of teleportation
 v - 3 scrolls of noise
 y - 9 scrolls of summoning
 E - 6 scrolls of fog
 F - a scroll of enchant armour
 P - 2 scrolls of enchant weapon
 R - 5 scrolls of magic mapping
 T - 7 scrolls of poison
 V - 24 scrolls of identify
Potions
 a - 8 potions of might
 b - 7 potions of cancellation
 n - 7 potions of attraction
 p - a potion of resistance
 q - 8 potions of haste
 r - 17 potions of mutation
 t - 29 potions of curing
 w - 10 potions of heal wounds
 x - a potion of invisibility
 z - 7 potions of flight
 A - 6 potions of ambrosia
 B - 13 potions of brilliance
 C - 13 potions of lignification
 H - 4 potions of magic
 W - 2 potions of berserk rage


   Skills:
 + Level 25.9 Fighting
 - Level 24.0 Axes
 - Level 21.2 Armour
 - Level 10.9 Dodging
 - Level 15.5 Spellcasting
 + Level 20.0 Necromancy
 - Level 10.0 Translocations
 + Level 5.8 Transmutations
 - Level 10.0 Evocations


You had one spell level left.
You knew the following spells:

 Your Spells              Type           Power      Damage    Failure   Level
a - Animate Dead          Necr           69%        N/A       1%          4
d - Death Channel         Necr           34%        N/A       1%          6
f - Necromutation         Tmut/Necr      27%        N/A       86%         8
i - Infestation           Necr           34%        N/A       11%         8
q - Manifold Assault      Tloc           47%        N/A       1%          4
s - Dispel Undead         Necr           69%        3d23      1%          4
x - Agony                 Necr           69%        N/A       1%          5
R - Borgnjor's Revivific  Necr           34%        N/A       11%         8
X - Death's Door          Necr           34%        N/A       80%         9

Your spell library contained the following spells:

 Spells                   Type           Power      Damage    Failure   Level
 Necrotise                Necr           100%       1d9       0%          1
 Apportation              Tloc           94%        N/A       1%          1
 Beastly Appendage        Tmut           64%        N/A       1%          1
 Sting                    Tmut/Pois      92%        1d7       1%          1
 Foxfire                  Conj/Fire      52%        2x1d6     6%          1
 Magic Dart               Conj           52%        1d5       6%          1
 Shock                    Conj/Air       52%        1d6       6%          1
 Summon Small Mammal      Summ           52%        N/A       6%          1
 Blink                    Tloc           94%        N/A       1%          2
 Cigotuvi's Dreadful Rot  Necr/Pois/Air  70%        N/A       1%          2
 Lesser Beckoning         Tloc           94%        N/A       1%          2
 Wereblood                Tmut           32%        N/A       1%          2
 Gell's Gravitas          Tloc           47%        N/A       1%          3
 Teleport Other           Tloc           47%        N/A       1%          3
 Portal Projectile        Hex/Tloc       60%        N/A       2%          3
 Volatile Blastmotes      Fire/Tloc      60%        2d15      2%          3
 Borgnjor's Vile Clutch   Necr/Erth      23%        N/A       2%          5
 Spider Form              Tmut/Pois      23%        N/A       5%          3
 Ignite Poison            Fire/Tmut/Pois 19%        N/A       8%          3
 Iskenderun's Mystic Bla  Conj/Tloc      30%        2d8       8%          4
 Poisonous Vapours        Pois/Air       26%        N/A       9%          2
 Scorch                   Fire           26%        2d6       9%          2
 Searing Ray              Conj           26%        2d5       9%          2
 Static Discharge         Conj/Air       26%        2-4/arc   9%          2
 Blade Hands              Tmut           16%        N/A       14%         5
 Dispersal                Tloc           23%        N/A       14%         6
 Simulacrum               Ice/Necr       23%        N/A       14%         6
 Call Canine Familiar     Summ           13%        N/A       16%         3
 Dazzling Flash           Conj/Hex       26%        N/A       16%         3
 Hailstorm                Conj/Ice       13%        3d5       16%         3
 Inner Flame              Hex/Fire       13%        N/A       16%         3
 Mephitic Cloud           Conj/Pois/Air  13%        N/A       16%         3
 Stone Arrow              Conj/Erth      26%        3d8       16%         3
 Summon Guardian Golem    Hex/Summ       13%        N/A       16%         3
 Tukima's Dance           Hex            13%        N/A       16%         3
 Ice Form                 Ice/Tmut       23%        N/A       16%         4
 Petrify                  Tmut/Erth      23%        N/A       16%         4
 Alistair's Intoxication  Tmut/Pois      15%        N/A       41%         5
 Yara's Violent Unravell  Hex/Tmut       11%        3d6       41%         5
 Airstrike                Air            6%         2d(1-17)  45%         4
 Cause Fear               Hex            6%         N/A       45%         4
 Flame Wave               Conj/Fire      13%        2d6       45%         4
 Fulminant Prism          Conj/Hex       6%         3d7       45%         4
 Leda's Liquefaction      Hex/Erth       6%         N/A       45%         4
 Olgreb's Toxic Radiance  Pois           13%        N/A       45%         4
 Sticky Flame             Conj/Fire      13%        2d4       45%         4
 Summon Lightning Spire   Summ/Air       13%        N/A       45%         4
 Haunt                    Necr/Summ      23%        N/A       58%         7
 Fireball                 Conj/Fire      6%         3d5       80%         5
 Freezing Cloud           Conj/Ice/Air   6%         6-21      80%         5
 Lee's Rapid Deconstruct  Erth           6%         3d6*      80%         5
 Summon Mana Viper        Hex/Summ       13%        N/A       80%         5
 Statue Form              Tmut/Erth      15%        N/A       92%         6
 Dragon Form              Tmut           16%        N/A       98%         7
 Malign Gateway           Summ/Tloc      15%        N/A       99%         7
 Plasma Beam              Fire/Air       6%         2x1d18    100%        6
 Starburst                Conj/Fire      6%         6d4       100%        6
 Summon Cactus Giant      Summ           6%         N/A       100%        6
 Enfeeble                 Hex            6%         N/A       100%        7
 Ozocubu's Refrigeration  Ice            6%         4d8       100%        7
 Storm Form               Tmut/Air       11%        N/A       100%        7
 Ignition                 Fire           6%         3d4       100%        8
 Summon Horrible Things   Summ           6%         N/A       100%        8
 Chain Lightning          Conj/Air       6%         3d8       100%        9
 Dragon's Call            Summ           6%         N/A       100%        9
 Fire Storm               Conj/Fire      6%         8d2       100%        9
 Polar Vortex             Ice            6%         N/A       100%        9
 Shatter                  Erth           6%         3d9*      100%        9


Dungeon Overview and Level Annotations

Branches:
Dungeon (15/15)            Temple (0/1) D:7            Lair (5/5) D:10
  Swamp (4/4) Lair:2       Spider (4/4) Lair:2        Slime (0/5) Lair:5
    Orc (2/2) D:9             Elf (3/3) Orc:2        Vaults (5/5) D:13
  Crypt (3/3) Vaults:3       Tomb (0/3) Crypt:3      Depths (4/4) D:15
    Zot (2/5) Depths:4    Ossuary (visited)         Volcano (visited)
 WizLab (visited)

Altars:
Cheibriados
Dithmenos
Elyvilon
Gozag
Hepliaklqana
Kikubaaqudgha
Qazlal
Ru
Vehumet
Wu Jian
Xom
Yredelemnul
Jiyva
Lugonu

Shops:
D:5 [   Orc:1 [   Orc:2 (:!?   Elf:1 :((?[   Elf:2 (   Elf:3 !   Vaults:1 [
Vaults:2 [   Vaults:4 [   Vaults:5 !??!?!   Depths:2 [

Portals:
Hell: Depths:1 Depths:2 Depths:3 Depths:4
Abyss: D:5 Depths:3
Pandemonium: Orc:2 Depths:1 Depths:2 Depths:3
Ziggurat: Depths:3

Annotations:
D:12 1 runed translucent door, avangion's ghost, journeyman GnCj
D:14 6 transporters
Lair:5 1 runed translucent door
Elf:2 1 runed translucent door
Vaults:1 1 runed translucent door, Luiw's ghost, veteran HOBe
Crypt:1 2 transporters, exclusion: obsidian statue
Zot:2 1 transporter


Message History

You hit the death cob but do no damage. You hit the wandering mushroom.
You freeze the wandering mushroom. The death cob hits you.
* * * LOW HITPOINT WARNING * * *
The death cob drains your vigour!
You feel as though you will be slow longer.
The death cob hits you but does no damage.
The death cob hits you!
* * * LOW HITPOINT WARNING * * *
The death cob hits you.
* * * LOW HITPOINT WARNING * * *
The death cob drains your vigour!
You feel as though you will be slow longer.
The death cob hits you but does no damage.
The deathcap releases spores at you!
* * * LOW HITPOINT WARNING * * *
You are engulfed in a cloud of dizzying spores!
The death cob hits you but does no damage.
The death cob closely misses you.
The wandering mushroom closely misses you.
The death cob hits you.
* * * LOW HITPOINT WARNING * * *
The death cob drains your vigour!
You feel as though you will be slow longer.
Unknown command.
Casting: Infestation (dangerous; 11% risk of failure)
Confirm with . or Enter, or press ? or * to list all spells.
You miscast Borgnjor's Revivification.
You are very lightly contaminated with residual magic.
You convulse helplessly as pain tears through your body!
You feel drained.
* * * LOW HITPOINT WARNING * * *
The death cob hits you but does no damage.
The death cob closely misses you.
The death cob hits you but does no damage.
The death cob hits you.
* * * LOW HITPOINT WARNING * * *
The death cob barely misses you. The death cob closely misses you.
The death cob hits you but does no damage.
The death cob hits you!
You die...

### #.. #.. ##.. #
#..# ... #.f#.....
#@z.....#
#..fzzk..... ####
#..##.....### ....
#.####.X..#####.....
#. ......q...#.....
#z.......#.....
#°q##..q©#©./..
####<.###q.#.....
#....D.kd°[#.....


You could see a tentacled monstrosity, a green draconian monk (berserk,
infested), a black draconian knight (fast, invisible), a curse toe, 3 death
cobs, a yellow draconian annihilator, a red draconian scorcher, a deathcap
(summoned), a lindwurm (summoned, berserk) and a wandering mushroom (summoned).

Vanquished Creatures
  An ancient lich (Vaults:5)
  Khufu (Crypt:3)
  A juggernaut (Depths:3)
  3 royal mummies (Crypt:2)
  Bai Suzhen (Swamp:3)
  A curse toe (Crypt:3)
  the Lernaean hydra (Swamp:4)
  4 caustic shrikes
  5 golden dragons
  Jory (Vaults:4)
  3 bone dragons
  2 hellephants (Abyss:5)
  Jorgrun (Orc:2)
  4 tentacled monstrosities
  A Hell Sentinel (Abyss:5)
  Rupert (Spider:1)
  2 titans (Vaults:5)
  2 quicksilver dragons
  2 liches
  A deep elf master archer (Elf:3)
  2 deep elf blademasters
  A walking crystal tome (Depths:3)
  9 sphinxes
  An acid blob (Abyss:5)
  2 death cobs (Zot:1)
  An Executioner (Abyss:4)
  5 tentacled starspawn
  4 shadow dragons
  Kirke (Swamp:4)
  Frances (Swamp:2)
  7 ancient champions
  2 thorn hunters
  Agnes (D:15)
  8 tengu reavers
  Roxanne (D:14)
  6 storm dragons
  3 revenants
  Donald (Spider:4)
  The ghost of meatpath the Warrior, a journeyman MiBe of Trog (Orc:2)
  11 emperor scorpions
  A draconian monk (Depths:4)
  3 nagarajas (WizLab)
  9 fire giants
  4 frost giants
  4 deep elf sorcerers
  20 vault wardens
  2 curse skulls (Crypt:3)
  A draconian scorcher (Zot:1)
  Louise (Swamp:2)
  8 ghouls
  A deep elf elementalist (Elf:3)
  A caustic shrike zombie (Crypt:2)
  2 orc warlords
  A spriggan defender (Depths:3)
  2 draconian annihilators
  An angel (Depths:3)
  6 ghost moths
  A draconian stormcaller (Zot:1)
  16 ironbound preservers
  A caustic shrike skeleton (Crypt:3)
  2 draconian shifters
  11 stone giants
  3 broodmothers
  4 war gargoyles
  14 very ugly things
  4 demonspawn corrupters (WizLab)
  12 ironbound thunderhulks
  5 eleionomae
  2 green draconians
  A reaper (Crypt:2)
  An ophan (Abyss:5)
  7 vampire knights
  2 yellow draconians
  4 deep elf demonologists (Elf:3)
  The ghost of bakla the Fighter, a journeyman SpHu of Fedhas (Lair:4)
  4 black draconians
  Azrael (D:13)
  3 bunyips
  4 deep elf annihilators
  2 purple draconians
  3 white draconians
  6 spark wasps
  10 dire elephants
  4 red draconians (Zot:1)
  2 mummy priests (Crypt:2)
  2 eidola
  Snorg (D:14)
  8 deep elf death magi
  2 green deaths
  17 ettins
  7 great orbs of eyes
  A merfolk javelineer (WizLab)
  6 deep elf high priests
  9 fire dragons
  17 jiangshi
  5 entropy weavers
  Josephine (Swamp:1)
  14 yaktaur captains
  A peacekeeper (Vaults:4)
  6 ice dragons
  2 rakshasas
  2 ghost crabs
  A spriggan air mage (Depths:3)
  27 vault guards
  25 hydras
  3 radroaches
  3 demonspawn (Orc:2)
  A jorogumo (Spider:2)
  An anaconda (shapeshifter) (Vaults:5)
  2 catoblepae
  An Orb Guardian zombie (Crypt:1)
  7 centaur warriors
  3 ogre magi
  Erica (D:10)
  9 boulder beetles
  A death knight (Crypt:1)
  25 dancing weapons
  7 ironbound frosthearts
  4 deep troll shamans
  12 two-headed ogres
  2 hell hogs
  3 death yaks (Lair:3)
  5 orc high priests (Orc:2)
  An azure jelly zombie (Crypt:3)
  8 deep troll earth magi
  8 alligators
  5 tengu warriors
  2 spriggan berserkers (Depths:2)
  10 vampire magi
  16 deep elf knights
  2 thrashing horrors (Abyss:4)
  2 sun demons (Depths:4)
  9 hell knights
  7 iron trolls
  3 shadow wraiths (Crypt:3)
  3 skysharks
  3 wretched stars (Abyss:5)
  12 skeletal warriors
  4 goliath frogs
  A spriggan rider (Depths:3)
  3 sixfirhies
  5 sun moths
  6 pharaoh ants
  A death drake (Swamp:2)
  12 orb spiders
  3 spriggan druids
  6 glowing orange brains
  5 steelbarb worms
  40 deep trolls
  2 shadow demons (Abyss:4)
  A death drake (shapeshifter) (Vaults:5)
  8 bog bodies
  A glowing orange brain (shapeshifter) (Vaults:4)
  10 wizards
  10 lindwurms
  14 swamp dragons
  5 flayed ghosts
  14 deep elf archers
  3 goliath frog zombies
  The ghost of Darkkill the Shooter, a novice MiHu (D:6)
  5 phantasmal warriors
  A steelbarb worm (shapeshifter) (Vaults:5)
  A sphinx zombie (Crypt:3)
  A harpy (shapeshifter) (Depths:1)
  10 orc knights
  31 deep elf pyromancers
  24 deep elf zephyrmancers
  15 ironbound convokers
  8 necromancers
  5 will-o-the-wisps
  12 harpies
  7 orc sorcerers
  2 manticores (D:15)
  9 large abominations
  46 ugly things
  18 wolf spiders
  6 cyclopes
  An elephant (shapeshifter) (Vaults:5)
  8 moths of wrath
  10 elephants
  12 torpor snails
  10 vault sentinels
  8 worldbinders
  An eleionoma skeleton (Crypt:2)
  2 guardian serpents
  2 smoke demons
  6 black mambas
  A water nymph (WizLab)
  A rust devil (Depths:2)
  2 gargoyles
  6 centaur skeletons
  21 cane toads
  A naga skeleton (Crypt:3)
  A kobold demonologist (D:14)
  8 demonic crawlers
  4 unseen horrors
  An unseen horror (shapeshifter) (Vaults:5)
  8 freezing wraiths
  An orb spider zombie (Crypt:1)
  5 rime drakes
  A tengu conjurer (D:13)
  An ice devil (Depths:1)
  An efreet (Abyss:5)
  11 komodo dragons
  2 ancient zymes (Abyss:5)
  A yaktaur (shapeshifter) (Elf:2)
  20 yaktaurs
  3 guardian mummies (Crypt:3)
  3 burning bushes (Lair:4)
  A bloated husk (Swamp:2)
  A meliai (shapeshifter) (D:13)
  A mana viper skeleton (Crypt:2)
  6 meliai (D:15)
  2 red devils (Orc:2)
  A moth of wrath zombie (Crypt:2)
  2 trolls
  3 hellwings
  4 blink frogs (Lair:3)
  A blink frog (shapeshifter) (Elf:3)
  32 tarantellas
  12 tyrant leeches
  A harpy skeleton (Crypt:3)
  24 hornets
  A snapping turtle (shapeshifter) (Vaults:5)
  A jumping spider (shapeshifter) (D:14)
  2 raiju (Abyss:4)
  An ettin skeleton (Crypt:1)
  A satyr skeleton (Crypt:2)
  2 shadows
  5 vampires
  4 air elementals
  16 jumping spiders
  48 slime creatures
  17 spriggans
  19 wyverns
  21 culicivoras
  A ynoxinul (Abyss:4)
  43 yaks
  20 wraiths
  2 hogs (Swamp:4)
  4 basilisks
  7 water elementals
  A golden eye (shapeshifter) (Orc:1)
  4 fire elementals
  14 fire bats
  A chaos spawn (Depths:3)
  60 redbacks
  A steam dragon (Volcano)
  5 neqoxecs (Orc:2)
  2 wargs (Orc:2)
  A fire bat zombie (Crypt:3)
  2 spatial vortices (Abyss:5)
  24 vampire mosquitoes
  Edmund (D:4)
  12 swamp worms
  22 water moccasins
  8 hell hounds
  A floating eye (Depths:2)
  8 swamp drakes
  29 orc warriors
  2 black bears
  2 boggarts
  2 ice beasts
  An ogre (shapeshifter) (Depths:2)
  5 centaurs
  A torpor snail zombie (Crypt:3)
  11 ogres
  A tengu (shapeshifter) (D:15)
  3 elf zombies (Elf:1)
  A phantom (D:5)
  12 bullfrogs
  A necrophage (Crypt:1)
  4 earth elementals
  4 gnoll sergeants
  4 scorpions
  An elf skeleton (Crypt:1)
  7 wights
  7 killer bees
  2 raiju zombies (Crypt:2)
  An electric eel (Spider:4)
  14 howler monkeys
  3 jellies
  2 quasits (Orc:2)
  7 human zombies
  A hound (D:6)
  Crazy Yiuf (D:2)
  A gnoll bouda (D:6)
  17 orc priests
  16 starcursed masses
  Jessica (D:2)
  6 hell rats (Lair:5)
  3 human skeletons (Crypt:1)
  4 iguanas
  A sleepcap (D:6)
  Natasha (twice) (D:2)
  10 orc wizards
  8 small abominations
  An acid dragon skeleton (Crypt:3)
  7 mummies
  Robin (D:3)
  5 adders
  22 gnolls
  A swamp drake zombie (Crypt:2)
  A shadow imp (D:7)
  2 white imps
  2 ufetubi
  An adder zombie (Crypt:1)
  An adder skeleton (Crypt:1)
  5 worms
  3 dart slugs
  62 orcs
  4 ball pythons
  16 bats
  3 endoplasms
  3 giant cockroaches
  14 goblins
  7 hobgoblins
  3 jackals (D:1)
  3 quokkas
  A frilled lizard (D:2)
  2 gnoll zombies (Ossuary)
  A goblin zombie (Crypt:2)
  8 kobolds
  3 kobold zombies
  An orc skeleton (Crypt:3)
  An orc zombie (Ossuary)
  4 rats
  A rat skeleton (Crypt:1)
  A river rat skeleton (Crypt:3)
  7 briar patches
  A plant (Elf:1)
  A spectral weapon (Swamp:3)
  2 starspawn tentacles (Abyss:4)
2029 creatures vanquished.

Vanquished Creatures (collateral kills)
  A caustic shrike (Depths:4)
  2 golden dragons (Zot:1)
  2 tentacled monstrosities
  A titan (Vaults:5)
  A death cob (Zot:1)
  A shadow dragon (Vaults:5)
  2 tengu reavers
  2 storm dragons (Zot:1)
  2 fire giants
  A draconian knight (Zot:1)
  2 frost giants
  A vault warden (Vaults:5)
  A deep elf sorcerer (Elf:3)
  A draconian shifter (Zot:1)
  A spriggan defender (Depths:3)
  3 ironbound preservers
  3 stone giants
  3 very ugly things
  2 ironbound thunderhulks (Vaults:1)
  A vampire knight (Depths:2)
  A deep elf demonologist (Elf:3)
  A dire elephant (Abyss:5)
  A yellow draconian (Zot:1)
  A green draconian (Zot:1)
  A black draconian (Zot:1)
  2 red draconians (Zot:1)
  A purple draconian (Depths:4)
  3 ettins
  A deep elf death mage (Elf:3)
  2 deep elf high priests
  A fire dragon (Depths:4)
  An ice dragon (Depths:1)
  4 vault guards (Vaults:5)
  A hell beast (Depths:4)
  An ironbound frostheart (Vaults:4)
  3 two-headed ogres (Vaults:5)
  3 deep troll shamans
  4 hell hogs (Depths:4)
  A dancing weapon (Elf:2)
  A spriggan berserker (Depths:2)
  2 deep troll earth magi
  A soul eater (Depths:4)
  5 hell knights
  3 sun demons (Depths:4)
  2 iron trolls
  11 deep trolls
  A wizard (WizLab)
  A deep elf archer (Elf:1)
  A steelbarb worm (shapeshifter) (Vaults:5)
  A glowing orange brain (Depths:4)
  An ironbound convoker (Vaults:2)
  A necromancer (Depths:1)
  A phantasmal warrior (Vaults:4)
  A wolf spider (Spider:3)
  6 ugly things
  2 elephants
  3 vault sentinels
  5 yaktaurs
  An unseen horror (shapeshifter) (Vaults:5)
  A komodo dragon (Lair:4)
  A tarantella (Spider:3)
  4 slime creatures
  A water elemental (Depths:2)
  A culicivora (shapeshifter) (Vaults:5)
  2 neqoxecs (Abyss:5)
  2 spatial vortices (Abyss:5)
  A hell hound (Abyss:5)
  A floating eye (shapeshifter) (Depths:4)
  A small abomination (Depths:3)
  A starcursed mass (Abyss:5)
132 creatures vanquished.

Vanquished Creatures (others)
  A tentacled monstrosity (Zot:1)
  A deep elf master archer (Elf:3)
  A fire giant (Depths:4)
  A yellow draconian (Zot:1)
  An acid blob zombie (Abyss:5)
  4 very ugly thing zombies (Depths:4)
  A deep elf high priest (WizLab)
  2 vault guards (Vaults:5)
  3 titan zombies (Vaults:5)
  A hellephant zombie (Abyss:5)
  2 golden dragon zombies
  3 ogre zombies
  A spatial maelstrom (Abyss:5)
  A tengu zombie (Vaults:5)
  A deep elf pyromancer (Elf:2)
  2 deep elf zephyrmancers (Elf:2)
  4 ugly thing zombies
  4 stone giant zombies
  A frost giant zombie (Vaults:5)
  A fire giant zombie (Vaults:5)
  3 draconian zombies
  A centaur zombie (Vaults:3)
  3 dire elephant zombies (Abyss:5)
  2 black draconian zombies (Zot:1)
  A purple draconian zombie (Zot:1)
  A white draconian zombie (Zot:1)
  2 red draconian zombies (Zot:1)
  A green draconian zombie (Zot:1)
  A death drake zombie (Vaults:5)
  2 bloated husks (Swamp:3)
  5 ettin zombies
  A moth of wrath zombie (Zot:1)
  An ice dragon zombie (Depths:4)
  2 fire dragon zombies (Depths:4)
  A human (Swamp:4)
  9 deep troll zombies
  5 two-headed ogre zombies (Vaults:5)
  A hornet zombie (Depths:3)
  23 human zombies
  A snapping turtle zombie (Vaults:5)
  20 elf zombies
  10 yaktaur zombies
  A raiju zombie (Abyss:4)
  An orc zombie (Orc:2)
  2 briar patches (Swamp:3)
  20 foxfires
  27 fungi
  2 lurking horrors (D:5)
  83 plants
  4 starspawn tentacles (Abyss:5)
272 creatures vanquished.

Grand Total: 2433 creatures vanquished

Notes
Turn   | Place    | Note
-------+----------+-------------------------------------------
     0 | D:1      | bobo the Hill Orc Monk began the quest for the Orb.
     0 | D:1      | Reached XP level 1. HP: 19/19 MP: 1/1
   256 | D:1      | Reached XP level 2. HP: 21/27 MP: 2/2
   481 | D:1      | Reached skill level 4 in Fighting
   841 | D:1      | Found a faded altar of an unknown god.
   852 | D:1      | Prayed at the altar of an unknown god.
   852 | D:1      | Became a worshipper of the Wu Jian Council
   852 | D:1      | Reached * piety under Wu Jian
   852 | D:1      | Reached ** piety under Wu Jian
  1102 | D:2      | Reached XP level 3. HP: 34/34 MP: 3/3
  1172 | D:2      | Noticed Natasha
  1189 | D:2      | Killed Natasha
  1190 | D:2      | Reached skill level 5 in Axes
  1226 | D:2      | Reached *** piety under Wu Jian
  1301 | D:2      | Reached XP level 4. HP: 41/41 MP: 4/4
  1313 | D:2      | Found a runed translucent door.
  1314 | D:2      | Noticed Crazy Yiuf
  1331 | D:2      | Killed Crazy Yiuf
  1332 | D:2      | Reached skill level 5 in Fighting
  1723 | D:2      | Noticed Jessica
  1726 | D:2      | Killed Jessica
  1727 | D:2      | Reached XP level 5. HP: 43/48 MP: 5/5
  1917 | D:2      | Noticed Natasha
  1922 | D:2      | Killed Natasha
  2201 | D:3      | Noticed Robin
  2233 | D:3      | Killed Robin
  2564 | D:3      | Found a radiant altar of Vehumet.
  3132 | D:4      | Noticed an ogre
  3138 | D:4      | Killed an ogre
  3138 | D:4      | Noticed Edmund
  3139 | D:4      | Reached skill level 6 in Fighting
  3139 | D:4      | Reached skill level 1 in Armour
  3139 | D:4      | Reached skill level 1 in Evocations
  3139 | D:4      | Reached XP level 6. HP: 57/57 MP: 6/6
  3149 | D:4      | Killed Edmund
  3236 | D:4      | Got Sif Muna's Anthology of Lightning
  3343 | D:4      | Reached XP level 7. HP: 64/64 MP: 7/7
  3346 | D:4      | You fall into a shaft and drop 3 floors!
  3417 | D:7      | Found an ornate altar of the Wu Jian Council.
  3533 | D:7      | Found a stormy altar of Qazlal.
  3743 | D:7      | Noticed a deep elf zephyrmancer
  3753 | D:7      | Killed a deep elf zephyrmancer
  3753 | D:7      | Reached skill level 7 in Fighting
  3753 | D:7      | Reached XP level 8. HP: 41/73 MP: 8/8
  3948 | D:7      | Noticed a yak
  3950 | D:7      | Noticed a yak
  3968 | D:7      | Killed a yak
  3970 | D:7      | Killed a yak
  3971 | D:7      | Reached skill level 8 in Fighting
  3975 | D:7      | Reached skill level 5 in Armour
  3988 | D:7      | Reached **** piety under Wu Jian
  4136 | D:7      | Noticed a yak
  4137 | D:7      | Noticed a yak
  4137 | D:7      | Noticed a yak
  4142 | D:7      | Noticed a yak
  4181 | D:7      | Killed a yak
  4182 | D:7      | Reached XP level 9. HP: 26/82 MP: 9/9
  4221 | D:7      | Reached skill level 5 in Evocations
  4630 | D:7      | Found an ancient bone altar of Kikubaaqudgha.
  4758 | D:6      | Found a sand-covered staircase.
  4763 | Ossuary  | Entered an ossuary
  4892 | Ossuary  | Reached skill level 9 in Fighting
  5064 | Ossuary  | Reached skill level 10 in Axes
  5193 | D:6      | Found a sacrificial altar of Ru.
  5247 | D:6      | Found a runed translucent gate.
  5247 | D:6      | Found a runed translucent gate.
  5247 | D:6      | Found a runed translucent gate.
  5248 | D:6      | Found an opulent altar of Gozag.
  5248 | D:6      | Noticed a cyan ugly thing
  5249 | D:6      | Noticed Darkkill's ghost (novice MiHu)
  5431 | D:6      | Found a snail-covered altar of Cheibriados.
  5864 | D:5      | Entered Level 5 of the Dungeon
  6694 | D:5      | Reached XP level 10. HP: 93/93 MP: 10/10
  6805 | D:5      | Reached skill level 10 in Fighting
  6963 | D:5      | Found a corrupted altar of Lugonu.
  7093 | D:5      | Found a one-way gate to the infinite horrors of the Abyss.
  7471 | D:5      | Found Voyfred's Armour Boutique.
  7903 | D:7      | Found a staircase to the Ecumenical Temple.
  8149 | D:8      | Noticed a two-headed ogre
  8155 | D:8      | Killed a two-headed ogre
  8155 | D:8      | Reached skill level 11 in Fighting
  8926 | D:9      | Found a shimmering altar of Xom.
  8951 | D:9      | Reached skill level 12 in Fighting
  9143 | D:9      | Reached XP level 11. HP: 102/105 MP: 11/11
  9149 | D:9      | Reached ***** piety under Wu Jian
  9403 | D:9      | Found a staircase to the Orcish Mines.
  9700 | D:10     | Entered Level 10 of the Dungeon
  9713 | D:10     | Noticed a two-headed ogre
  9715 | D:10     | Killed a two-headed ogre
  9715 | D:10     | Reached skill level 13 in Fighting
  9884 | D:10     | Found a staircase to the Lair.
  9966 | D:10     | Found a basalt altar of Yredelemnul.
  9987 | D:10     | Found an opulent altar of Gozag.
  9990 | D:10     | Found a hazy altar of Hepliaklqana.
 10006 | D:10     | Reached skill level 15 in Axes
 10149 | D:10     | Noticed a cyclops
 10149 | D:10     | Noticed Erica
 10162 | D:10     | Killed a cyclops
 10162 | D:10     | Killed Erica
 10163 | D:10     | Reached skill level 14 in Fighting
 10396 | Lair:1   | Entered Level 1 of the Lair of Beasts
 10653 | Lair:1   | Noticed a catoblepas
 10664 | Lair:1   | Killed a catoblepas
 10733 | Lair:1   | Reached XP level 12. HP: 102/118 MP: 12/12
 10926 | Lair:1   | Reached skill level 15 in Fighting
 11289 | Lair:2   | Found a dark tunnel.
 11302 | Volcano  | Entered a volcano
 11320 | Volcano  | Noticed a hell hog
 11327 | Volcano  | Killed a hell hog
 11783 | Lair:2   | Reached skill level 16 in Fighting
 11971 | Lair:2   | Found a transporter.
 12130 | Lair:2   | Noticed a skyshark
 12141 | Lair:2   | Killed a skyshark
 12145 | Lair:2   | Found a staircase to the Swamp.
 12209 | Lair:2   | Found a hole to the Spider Nest.
 12219 | Lair:2   | Reached XP level 13. HP: 97/130 MP: 13/13
 12515 | Lair:2   | Found a transporter.
 12652 | Lair:2   | Reached skill level 17 in Fighting
 13176 | Lair:3   | Identified the ring "Cufirgh" {rPois Will++ Int-2 Dex+2}
 13862 | Lair:4   | Reached skill level 18 in Fighting
 14374 | Lair:4   | Found a runed translucent door.
 14378 | Lair:4   | Noticed bakla's ghost (journeyman SpHu)
 14379 | Lair:4   | Identified the +2 spear of Wisdom {freeze, rC+ Dex+4}
 14589 | Lair:5   | Entered Level 5 of the Lair of Beasts
 14664 | Lair:5   | Found a runed translucent door.
 14664 | Lair:5   | Found a viscous altar of Jiyva.
 14684 | Lair:5   | Reached XP level 14. HP: 134/144 MP: 14/14
 14786 | Lair:5   | Reached skill level 19 in Fighting
 14851 | Lair:5   | Found a staircase to the Slime Pits.
 14851 | Lair:5   | Noticed an acid blob
 15777 | Lair:5   | Found a runed translucent door.
 15895 | Lair:5   | Reached skill level 20 in Fighting
 15902 | Lair:5   | Reached skill level 10 in Armour
 15907 | Lair:5   | Identified the +4 leather armour "Cyxydis" {Dex+3}
 16260 | Orc:1    | Entered Level 1 of the Orcish Mines
 16298 | Orc:2    | Entered Level 2 of the Orcish Mines
 16693 | Orc:1    | Found Tiehiw's Armour Shoppe.
 16944 | Orc:2    | Found a transporter.
 16948 | Orc:2    | Noticed meatpath's ghost (journeyman MiBe)
 17053 | Orc:2    | Found a transporter.
 17112 | Orc:2    | Found Cosuedae's Distillery.
 17115 | Orc:2    | Found Egop's Magic Scroll Emporium.
 17169 | Orc:2    | Bought a scroll of identify for 30 gold pieces
 17169 | Orc:2    | Bought a scroll of identify for 30 gold pieces
 17218 | Orc:2    | Noticed Jorgrun
 17226 | Orc:2    | Reached XP level 15. HP: 148/156 MP: 15/15
 17227 | Orc:2    | Killed Jorgrun
 17274 | Orc:2    | Found Buuku's Book Boutique.
 17274 | Orc:2    | Found a one-way gate leading to the halls of Pandemonium.
 17274 | Orc:2    | Found Qepops's Antique Weapon Shop.
 17521 | Orc:2    | Found a staircase to the Elven Halls.
 17685 | Orc:2    | Killed meatpath's ghost
 17686 | Orc:2    | Reached skill level 5 in Dodging
 17916 | D:11     | Reached skill level 21 in Fighting
 18537 | D:12     | Found a runed translucent door.
 18537 | D:12     | Found a shimmering altar of Xom.
 18537 | D:12     | Noticed avangion's ghost (journeyman GnCj)
 18570 | D:12     | Found a white marble altar of Elyvilon.
 19056 | D:13     | Noticed Azrael
 19086 | D:13     | Killed Azrael
 19241 | D:13     | Found a gate to the Vaults.
 19788 | D:14     | Found a transporter.
 19792 | D:14     | Found a transporter.
 19847 | D:14     | Identified a scroll of acquirement
 19850 | D:14     | Reached XP level 16. HP: 168/168 MP: 16/16
 19853 | D:14     | Acquired the +11 battleaxe "Sijicueh" {flame, +Blink}
 19927 | D:14     | Noticed Snorg
 19931 | D:14     | Reached XP level 17. HP: 174/176 MP: 17/17
 19935 | D:14     | Killed Snorg
 20054 | D:14     | Noticed Roxanne
 20071 | D:14     | Killed Roxanne
 20071 | D:14     | Reached ****** piety under Wu Jian
 20072 | D:14     | Reached skill level 22 in Fighting
 20276 | D:14     | Found a transporter.
 20283 | D:14     | Found a transporter.
 20300 | D:14     | Found a transporter.
 20301 | D:14     | Found a transporter.
 20471 | D:15     | Entered Level 15 of the Dungeon
 20473 | D:15     | Acquired a manual of Armour
 20475 | D:15     | Noticed Agnes
 20633 | Swamp:1  | Entered Level 1 of the Swamp
 20941 | Swamp:1  | Identified the ring "Ussunwaa" {rC+ Str+4 Dex+6}
 21083 | Swamp:1  | Noticed Josephine
 21092 | Swamp:1  | Killed Josephine
 21300 | Swamp:2  | Noticed Louise
 21309 | Swamp:2  | Killed Louise
 21360 | Swamp:2  | Noticed Frances
 21370 | Swamp:2  | Killed Frances
 21430 | Swamp:2  | Upgraded the game from 0.30-a0-1124-g6e8f0f562f to
                  | 0.30-a0-1157-g2cc9ac7196
 21866 | Swamp:2  | Reached skill level 15 in Armour
 22110 | Swamp:3  | Noticed Bai Suzhen
 22121 | Swamp:3  | Killed Bai Suzhen
 22508 | Swamp:4  | Entered Level 4 of the Swamp
 22528 | Swamp:4  | Reached XP level 18. HP: 163/187 MP: 18/18
 22535 | Swamp:4  | Noticed the 27-headed Lernaean hydra
 22547 | Swamp:4  | Killed the 22-headed Lernaean hydra
 22742 | Swamp:4  | Reached skill level 23 in Fighting
 22750 | Swamp:4  | Got a decaying rune of Zot
 22911 | Swamp:4  | Noticed Kirke
 22920 | Swamp:4  | Killed Kirke
 23495 | Spider:1 | Entered Level 1 of the Spider Nest
 23505 | Spider:1 | Learned a level 4 spell: Animate Dead
 23829 | Spider:1 | Noticed Rupert
 23836 | Spider:1 | Killed Rupert
 23961 | Spider:1 | Reached skill level 10 in Evocations
 24644 | Spider:2 | Reached skill level 10 in Dodging
 25195 | Spider:2 | Identified the +4 dire flail of Xyudit Syuss {heavy,
                  | *Corrode Str+6 Int+2 Stlth+}
 25482 | Spider:3 | Reached XP level 19. HP: 153/198 MP: 19/19
 25915 | Spider:3 | Reached skill level 24 in Fighting
 26227 | Spider:4 | Entered Level 4 of the Spider Nest
 26251 | Spider:4 | Reached skill level 1 in Necromancy
 26283 | Spider:4 | Reached skill level 1 in Spellcasting
 26520 | Spider:4 | Noticed Donald
 26529 | Spider:4 | Killed Donald
 26961 | Spider:4 | Reached skill level 5 in Necromancy
 26978 | Spider:4 | Identified the +0 pair of boots of Muchuan {+Blink rPois
                  | rF+ Int+3}
 27028 | Spider:4 | Got a gossamer rune of Zot
 27648 | Lair:4   | Learned a level 4 spell: Manifold Assault
 27666 | Lair:4   | Killed bakla's ghost
 27907 | D:6      | Killed Darkkill's ghost
 28099 | D:15     | Killed Agnes
 28099 | D:15     | Reached skill level 1 in Translocations
 28257 | D:15     | Found a staircase to the Depths.
 28589 | D:15     | Reached XP level 20. HP: 169/206 MP: 23/26
 29410 | Depths:1 | Entered Level 1 of the Depths
 29582 | Depths:1 | Found a gateway to Hell.
 29802 | Depths:1 | Reached skill level 5 in Spellcasting
 30170 | Depths:1 | Found a shadowy altar of Dithmenos.
 30641 | Depths:1 | Learned a level 6 spell: Death Channel
 30660 | Depths:2 | Found Naotura's Antique Armour Shop.
 31197 | Depths:2 | Noticed a caustic shrike
 31199 | Depths:2 | Killed a caustic shrike
 31212 | Depths:2 | Reached skill level 5 in Translocations
 31508 | Depths:2 | Noticed a golden dragon
 31520 | Depths:2 | Killed a golden dragon
 31644 | Depths:2 | Identified the +3 demon trident "Dumeufaf" {flame, rPois
                  | Str+2 Dex+3}
 32596 | Elf:1    | Entered Level 1 of the Elven Halls
 32627 | Elf:1    | Reached XP level 21. HP: 170/214 MP: 28/30
 32647 | Elf:1    | Found Uthreshi's Armour Shoppe.
 32649 | Elf:1    | Found Jabumi's Magic Scroll Shoppe.
 32649 | Elf:1    | Found Yrust's Antique Weapon Emporium.
 32655 | Elf:1    | Found Hetam's Antique Weapon Emporium.
 32663 | Elf:1    | Bought a scroll of enchant armour for 82 gold pieces
 32663 | Elf:1    | Bought a scroll of acquirement for 572 gold pieces
 32663 | Elf:1    | Bought a scroll of fear for 44 gold pieces
 32664 | Elf:1    | Acquired a +5 executioner's axe of flaming
 33141 | Elf:1    | Got the Secrets of the Charnel House
 33148 | Elf:1    | Learned a level 4 spell: Dispel Undead
 33154 | Elf:1    | Learned a level 5 spell: Agony
 33363 | Elf:1    | Found Cigg's One-of-a-Kind Books.
 33556 | Elf:2    | Paralysed by an air elemental for 1 turns
 33759 | Elf:2    | Found Cattat's Antique Weapon Emporium.
 33777 | Elf:2    | Paralysed by an air elemental for 1 turns
 33934 | Elf:2    | Found a runed translucent door.
 33954 | Elf:2    | Found a runed translucent door.
 34042 | Elf:2    | Found an ancient bone altar of Kikubaaqudgha.
 34181 | Elf:2    | Identified the +4 morningstar "Xuokauf" {heavy, Dex+4}
 34614 | Elf:2    | Reached skill level 10 in Necromancy
 34837 | Elf:3    | Entered Level 3 of the Elven Halls
 34837 | Elf:3    | Found Daon's Distillery.
 34850 | Elf:3    | Bought a potion of haste for 180 gold pieces
 34850 | Elf:3    | Bought a potion of heal wounds for 90 gold pieces
 34850 | Elf:3    | Bought a potion of might for 72 gold pieces
 34850 | Elf:3    | Bought a potion of might for 72 gold pieces
 35193 | Vaults:1 | Entered Level 1 of the Vaults
 35393 | Abyss:4  | Found a corrupted altar of Lugonu.
 35393 | Abyss:4  | Cast into level 4 of the Abyss (orc warlord)
 35466 | Abyss:4  | Noticed a bone dragon
 35481 | Abyss:4  | Killed a bone dragon
 35543 | Abyss:5  | Reached XP level 22. HP: 177/222 MP: 32/34
 35555 | Abyss:5  | Found a corrupted altar of Lugonu.
 35572 | Vaults:1 | Escaped the Abyss
 36123 | Vaults:1 | Found Iraunec's Armour Emporium.
 36392 | Vaults:1 | Found a runed translucent door.
 36401 | Vaults:1 | Noticed Luiw's ghost (veteran HOBe)
 36498 | Vaults:1 | Found the +2 cloak of the Thief {*Fog Slay-2 SInv Stlth+}
 36531 | Vaults:1 | Identified the +2 robe of the Hall of Blades {rC+}
 36970 | Vaults:2 | Found Tifo's Antique Armour Emporium.
 38429 | Vaults:3 | Reached XP level 23. HP: 229/229 MP: 31/36
 38506 | Vaults:3 | Found a staircase to the Crypt.
 38956 | Vaults:3 | Reached skill level 10 in Spellcasting
 39181 | Vaults:3 | Reached skill level 10 in Translocations
 39233 | Vaults:3 | Identified the +1 battleaxe "Tylasem" {flame, Str+3}
 39561 | Vaults:4 | Identified the orb of Gepuc {light, -Cast Harm *Slow rN++}
 39784 | Vaults:4 | Got the Discursus on Xenomorphic Envenoming
 39936 | Vaults:4 | Noticed Jory
 39949 | Vaults:4 | Killed Jory
 40681 | Vaults:4 | Found Plog's Armour Emporium.
 40695 | Vaults:4 | Bought the +0 pair of gloves "Cacuuf" {Dex+7} for 445 gold
                  | pieces
 41026 | Orc:2    | Bought a book of Death for 572 gold pieces
 41257 | Elf:3    | Paralysed by an air elemental for 1 turns
 41260 | Elf:3    | Paralysed by an air elemental for 1 turns
 41508 | Elf:3    | Identified the +11 great mace of Qazlal's Grace {drain,
                  | Will+}
 41508 | Elf:3    | Identified the ring "Duexzak" {Ice rElec Will+ Dex-3
                  | Slay+2}
 41857 | Elf:3    | Identified the +3 shortbow of Kukochon {heavy, Will+}
 41861 | Elf:3    | Identified the staff of death "Eferretigg" {rPois rC+ rN+
                  | rCorr Str+2}
 41863 | Elf:3    | Identified the staff of cold "Owkeujae" {rElec rF+ rC+
                  | rCorr Stlth-}
 42457 | Depths:3 | Found a one-way gateway to a ziggurat.
 42703 | Depths:3 | Voluntarily entered the Abyss.
 42729 | Abyss:5  | Reached XP level 24. HP: 173/238 MP: 34/38
 42788 | Abyss:5  | Paralysed by accursed screaming for 1 turns
 42836 | Abyss:5  | Paralysed by accursed screaming for 1 turns
 42853 | Abyss:5  | Paralysed by accursed screaming for 1 turns
 42855 | Depths:3 | Escaped the Abyss
 43375 | Depths:3 | Noticed a juggernaut
 43382 | Depths:3 | Killed a juggernaut
 43395 | Depths:3 | Reached skill level 15 in Necromancy
 43439 | Depths:3 | Identified the ring "Siannim" {Ice Int+3}
 43441 | Depths:3 | Identified the +5 war axe of a Thousand Defenders {flame,
                  | rN+ Will+ Str+2}
 43901 | Depths:4 | Entered Level 4 of the Depths
 44270 | Depths:4 | Found a gate to the Realm of Zot.
 44746 | Depths:4 | Noticed a caustic shrike
 44751 | Depths:4 | Killed a caustic shrike
 44916 | Depths:4 | Noticed a caustic shrike
 44916 | Depths:4 | Noticed a caustic shrike
 44916 | Depths:4 | Noticed a caustic shrike
 44927 | Depths:4 | Killed a caustic shrike
 44941 | Depths:4 | Killed a caustic shrike
 44943 | Depths:4 | Killed a caustic shrike
 45540 | Vaults:5 | Entered Level 5 of the Vaults
 45548 | Vaults:5 | Reached XP level 25. HP: 233/245 MP: 36/40
 45606 | Vaults:5 | Found Woseag's Distillery.
 45618 | Vaults:5 | Bought a potion of heal wounds for 70 gold pieces
 45618 | Vaults:5 | Bought 2 potions of heal wounds for 140 gold pieces
 45703 | Vaults:5 | Found Daxetafu's Magic Scroll Boutique.
 45709 | Vaults:5 | Found Maddemn's Distillery.
 45718 | Vaults:5 | Bought a potion of heal wounds for 95 gold pieces
 45718 | Vaults:5 | Bought a potion of heal wounds for 95 gold pieces
 45718 | Vaults:5 | Bought 2 potions of heal wounds for 190 gold pieces
 45718 | Vaults:5 | Bought a potion of heal wounds for 95 gold pieces
 45725 | Vaults:5 | Bought a scroll of enchant armour for 105 gold pieces
 45740 | Vaults:5 | Found Mishem's Magic Scroll Shoppe.
 45744 | Vaults:5 | Bought a scroll of acquirement for 1196 gold pieces
 45744 | Vaults:5 | Bought a scroll of brand weapon for 218 gold pieces
 45744 | Vaults:5 | Acquired 813 gold pieces
 45754 | Vaults:5 | Found Ifru's Magic Scroll Shop.
 45768 | Vaults:5 | Found Ypsafum's Distillery.
 46204 | Vaults:5 | Identified the ring of Beauty {rElec MP+9 Int+2}
 46218 | Vaults:5 | Noticed an ancient lich
 46227 | Vaults:5 | Killed an ancient lich
 46242 | Vaults:5 | Got the Elucidation of Wounds
 46355 | Vaults:5 | Learned a level 8 spell: Infestation
 46364 | Vaults:5 | Learned a level 8 spell: Borgnjor's Revivification
 46816 | Vaults:5 | Got a silver rune of Zot
 47583 | Zot:1    | Entered Level 1 of the Realm of Zot
 47783 | Zot:1    | Reached skill level 15 in Spellcasting
 47796 | Zot:1    | Reached XP level 26. HP: 164/252 MP: 35/42
 48684 | Crypt:1  | Entered Level 1 of the Crypt
 48790 | Crypt:1  | Found a transporter.
 48997 | Crypt:1  | Found a transporter.
 49401 | Crypt:2  | Found a magical portal.
 49416 | WizLab   | Entered Alistair's Party Mansion
 49712 | WizLab   | Got the Incunable of the Jinx
 49731 | WizLab   | Acquired 711 gold pieces
 49784 | WizLab   | Got the Octavo of Toxicity and Transfiguration
 50043 | Crypt:2  | Learned a level 8 spell: Necromutation
 50071 | Crypt:2  | Noticed a royal mummy
 50085 | Crypt:2  | Killed a royal mummy
 50086 | Crypt:2  | Reached skill level 1 in Transmutations
 50308 | Crypt:2  | Noticed a royal mummy
 50309 | Crypt:2  | Noticed a royal mummy
 50309 | Crypt:2  | Found the +7 sceptre of Torment {pain, torment}
 50328 | Crypt:2  | Killed a royal mummy
 50337 | Crypt:2  | Killed a royal mummy
 50579 | Crypt:2  | Reached skill level 25 in Fighting
 51227 | Crypt:3  | Entered Level 3 of the Crypt
 51436 | Crypt:3  | Reached skill level 5 in Transmutations
 51466 | Crypt:3  | Found a basalt altar of Yredelemnul.
 51715 | Crypt:3  | Found an ancient bone altar of Kikubaaqudgha.
 51917 | Crypt:3  | Reached XP level 27. HP: 255/268 MP: 42/42
 51948 | Crypt:3  | Found a staircase to the Tomb.
 52014 | Crypt:3  | Noticed Khufu
 52016 | Crypt:3  | Noticed a royal mummy
 52016 | Crypt:3  | Noticed a royal mummy
 52187 | Crypt:3  | Found the macabre finger necklace {Finger+ rN+}
 52191 | Crypt:3  | Identified the staff of poison "Ihoypsacar" {rPois rCorr
                  | Stlth+}
 52233 | Crypt:3  | Killed Khufu
 52723 | Orc:1    | Bought the +0 pair of gloves "Ymioducs" {Int+4} for 258
                  | gold pieces
 52747 | Orc:1    | Learned a level 9 spell: Death's Door
 53364 | Zot:2    | Found a transporter.
 53369 | Zot:2    | HP: 11/250 [death cob (5)]
 53369 | Zot:2    | Slain by a death cob

Illustrated notes

Levels and vault maps discovered:
D:1:      sevenhm_arrival_forest_fort_large_1, layout_loops_corners,
          ebering_ecumenical_altar_hall, grunt_decor_one_mirror
D:2:      layout_basic, nrook_loot_triangle, uniq_jessica,
          uniq_crazy_yiuf_cottage, uniq_natasha
D:3:      layout_basic, vehumet_altar_wand_db, minmay_misc_feat_secret_circle,
          uniq_robin
D:4:      layout_basic, uniq_edmund
D:5:      nicolae_cairo_tiling_very_big, layout_basic, serial_shops,
          nicolae_square_shop, amcnicky_altar_lugonu_corruption
D:6:      lemuel_ice_spiral_2, layout_rooms, kennysheep_slug_shrine,
          nicolae_ru_path_of_blood, ebering_ghost_gozag,
          nicolae_ossuary_entry_false_entrances, abandoned_shop
D:7:      layout_gridville, kiku_gazebo_pond_becter, grunt_qazlal_clouds,
          nzn_wu_jian_contemplation, minmay_temple_entry_fiery, roderic_batcave,
          st_stairs_10, guppyfry_early_elven_hall
D:8:      layout_rooms
D:9:      layout_small_grid, lemuel_doored_altar, orc_0_dummy, st_stairs_12,
          grunt_decor_resistance
D:10:     layout_big_octagon, grunt_temple_overflow_open, dpeg_oklobed_lair,
          kennysheep_small_square, uniq_erica
D:11:     layout_loops_ring, chequers_garden
D:12:     layout_gridville, ebering_ghost_xom, elyvilon_altar_4
D:13:     layout_rooms, hangedman_vaults_entry_quadrant_bands,
          water_maze_lemuel, uniq_azrael
D:14:     layout_loops_ring, kennysheep_decorative_pillar, drop_trap,
          serial_nicolae_subway, nicolae_sub_station_stone,
          nicolae_sub_station_crystal, nicolae_sub_station_metal, uniq_snorg,
          uniq_roxanne
D:15:     grunt_enter_depths_hoard, layout_rooms,
          portal_ice_cave_entry_frozen_things, serial_co_window_serial,
          co_window_of_opportunity_a, co_window_corner_a, co_window_paths_b,
          co_window_corner_a, co_window_paths_b, co_window_paths_b,
          co_window_of_opportunity_a, co_window_paths_c, co_window_corner_b,
          co_window_of_opportunity_c, co_window_cross_2, co_window_cross_3,
          co_window_corner_cb, hangedman_abyss_or_decor_clamps, uniq_agnes
Lair:1:   layout_cave_shapes, dreamdust_deal_with_the_devil, grunt_megastairs_5,
          infiniplex_staircase_pool_2, lemuel_fruit_tree
Lair:2:   gammafunk_boulding_lane, layout_small_grid, skrybe_swamp_entry_bodies,
          hellmonk_spider_entry_life_and_decay, nicolae_volcano_entry_batcave
Lair:3:   layout_loops_ring
Lair:4:   layout_gridlike, ebering_ghost_funeral_grove,
          chequers_serial_rivers_micro_d, evilmike_ambush
          [evilmike_ambush_outer_corners, evilmike_ambush_inner_basic],
          grunt_megastairs_1
Lair:5:   hangedman_lair_tendril_chambers, layout_gridlike, wormcave,
          slime_entry_2, small_statue_intersection
Swamp:1:  layout_basic_swamp, nicolae_swamp_well_well_well,
          infiniplex_staircase_pool, uniq_josephine
Swamp:2:  layout_basic_swamp, nicolae_swamp_some_circles, uniq_louise,
          uniq_frances
Swamp:3:  layout_basic_swamp, nicolae_swamp_fairy_circle, uniq_bai_suzhen
Swamp:4:  swamp_old_school, layout_basic_swamp, uniq_kirke
Spider:1: layout_spider_delve, uniq_rupert
Spider:2: layout_cave_pods
Spider:3: layout_spider_delve
Spider:4: grunt_spider_rune_circles, uniq_donald
Orc:1:    layout_diamond_mine, serial_shops, nicolae_shop_window_shopping,
          statue_in_the_mist_lemuel
Orc:2:    pf_orc_diabolical, layout_diamond_mine, gammafunk_ghost_stat_death,
          mines_bat_river, uniq_jorgrun
Elf:1:    layout_geoelf_grid, minmay_elf_necromancy, nicolae_rare_books,
          minmay_shoptagon
Elf:2:    elven_hall_of_blades_hangedman_original
          [nicolae_blade_entry_splitting_headache], layout_loops_cross,
          serial_shops, nicolae_shop_rolling_square, basic_altar
Elf:3:    elf_hall, layout_geoelf_octagon, serial_shops,
          nicolae_shop_tiny_waterfront, hangedman_decor_cross_pass
Vaults:1: hellmonk_ghost_big_iron, vaults_room_door_ring,
          nicolae_vaults_apartment_2, v_misc_3, v_misc_5, st_lines,
          nicolae_vaults_weapon_check, nicolae_vaults_double_plus_1,
          nicolae_vaults_hexular_roomagon, nicolae_vaults_meiosis,
          ontoclasm_vaults_chip, vaults_room_fours, layout_vaults_ring,
          serial_shops, nicolae_shop_peninsula
Vaults:2: v_rooms_5, nicolae_vaults_security_offices_4,
          nicolae_vaults_wine_cellar, v_misc_16, nicolae_vaults_shelves_hall,
          nicolae_vaults_apartment_2, nicolae_vaults_border_crossing,
          nicolae_vaults_little_squares_5, nicolae_vaults_diamond_1,
          nicolae_vaults_house_1, vaults_dpeg_encased_lava,
          layout_vaults_chaotic_city, serial_shops, nicolae_lakefront_shop
Vaults:3: nicolae_vaults_network_s, v_alt_pattern_3,
          hangedman_vaults_restitches, minmay_crypt_entry_nasty_monster,
          layout_vaults_quadrants
Vaults:4: vaults_dpeg_doors, nicolae_vaults_network_star,
          nicolae_vaults_wrenched, hangedman_vaults_river_flow,
          dpeg_vaults_monster_box, nicolae_vaults_variable_pillar_hall,
          ontoclasm_vaults_chip, hangedman_vaults_capsules,
          nicolae_vaults_double_plus_1, nicolae_vaults_double_plus_1,
          nicolae_vaults_little_squares_2,
          nicolae_vaults_antechamber_and_loot_room, layout_vaults_omnicross,
          uniq_jory
Vaults:5
Crypt:1:  gammafunk_sealed_arena, layout_chaotic_city, st_stairs_14,
          lemuel_upstairs_altar, grunt_crypt_arrival_guarded_gate
Crypt:2:  minmay_guarded_unrand_sceptre_of_torment, layout_rooms,
          infiniplex_enter_wizlab_water, minivault_27, grunt_megastairs_4,
          uniq_josephina
Crypt:3:  lightli_unholy_cathedral, layout_chaotic_city,
          tomb_entry_simple_bobbens, minmay_misc_feat_pillars,
          amcnicky_mini_corridor_feature, small_statue_intersection,
          st_stairs_3, uniq_khufu
Depths:1: layout_forbidden_donut, grunt_dithmenos_smoke_and_mirrors,
          grunt_hell_entry_dis_grunt, rand_demon_pan_entry_4,
          kennysheep_opposing_triangles
Depths:2: lemuel_traditional_vault, layout_honeycomb, columned_hall_lemuel,
          grunt_pan_entry_zigzag, hangedman_coc_ice_floe, serial_shops, shop
Depths:3: minmay_sliced_demisemicircle, layout_honeycomb, enter_ziggurat_f,
          corexii_corridor_pit, minmay_room_of_horrors, hell_entry, pan_entry
Depths:4: grunt_zot_entry_alcove, layout_gridlike, hellmouth_3,
          minmay_fountain_box, grunt_ministairs_2, lemuel_flamethrower_3
Zot:1:    layout_misc_corridors
Zot:2:    gammafunk_dig_for_victory, layout_onion_interference

Skill      XL: |  1  2  3  4  5  6  7  8  9 10 11 12 13 14 15 16 17 18 19 20 21 22 23 24 25 26 |
---------------+-------------------------------------------------------------------------------+-----
Fighting       | 4 5 6 7 8 9 12 14 16 18 20 21 22 23 24 25 | 25.9
Axes           | 5 6 7 8 9 10 13 15 18 20 21 22 24 | 24.0
Armour         | 1 2 4 5 6 10 13 15 18 20 21 | 21.2
Evocations     | 1 3 4 6 8 10 | 10.0
Dodging        | 3 7 8 10 | 10.9
Necromancy     | 6 8 10 12 14 16 19 20 | 20.0
Spellcasting   | 4 6 8 9 11 13 15 | 15.5
Translocations | 2 5 7 9 10 | 10.0
Transmutations | 5 |  5.8

Action                     |  1- 3 |  4- 6 |  7- 9 | 10-12 | 13-15 | 16-18 | 19-21 | 22-24 | 25-27 || total
---------------------------+-------+-------+-------+-------+-------+-------+-------+-------+-------++-------
  Melee: Hand axe          |    94 |    39 |   294 |       |    36 |       |       |       |       ||   463
         Mace              |       |    48 |    70 |       |       |       |       |       |       ||   118
         Battleaxe         |       |       |    19 |   456 |   886 |   682 |   830 |       |       ||  2873
         Executioner's axe |       |       |       |       |       |       |   399 |  1164 |   911 ||  2474
  Throw: Throwing net      |       |       |       |       |       |     1 |     1 |       |       ||     2
   Cast: Animate Dead      |       |       |       |       |       |       |    12 |    16 |    10 ||    38
         Dispel Undead     |       |       |       |       |       |       |     1 |     3 |    17 ||    21
         Death Channel     |       |       |       |       |       |       |       |    30 |    14 ||    44
         Manifold Assault  |       |       |       |       |       |       |       |    21 |     2 ||    23
         Infestation       |       |       |       |       |       |       |       |       |     2 ||     2
 Invoke: Serpent's Lash    |       |     2 |     5 |    11 |    13 |    15 |    32 |    19 |    13 ||   110
         Heavenly Storm    |       |       |       |     1 |     3 |     4 |     3 |     1 |     1 ||    13
Ability: Lunge             |     5 |    15 |    35 |    75 |   151 |   101 |   182 |   164 |   131 ||   859
         Whirlwind         |       |     1 |    15 |    33 |    35 |    49 |   137 |   152 |    97 ||   519
         Wall Jump         |       |       |     1 |     4 |    10 |     2 |     9 |     7 |     5 ||    38
         Evoke Blink       |       |       |       |       |       |     3 |     7 |     3 |     2 ||    15
  Evoke: Wand              |       |    11 |     4 |     9 |    17 |    24 |     7 |    13 |       ||    85
    Use: Potion            |     1 |     2 |     4 |       |     3 |     3 |     4 |    11 |     9 ||    37
         Scroll            |       |     1 |     7 |    18 |     6 |     2 |     8 |     9 |    13 ||    64
   Stab: Fleeing           |       |       |     1 |       |       |       |       |       |       ||     1
         Confused          |       |       |       |       |     5 |       |       |       |       ||     5
         Paralysed         |       |       |       |       |     3 |       |       |       |       ||     3
         Distracted        |       |       |       |       |       |     1 |     6 |    23 |    18 ||    48
         Invisible         |       |       |       |       |       |     5 |       |     1 |    24 ||    30
         Held in net/web   |       |       |       |       |       |       |     1 |       |       ||     1
 Armour: Robe              |     9 |       |       |       |       |       |       |       |       ||     9
         Ring mail         |    28 |    17 |    70 |       |       |       |       |       |       ||   115
         Chain mail        |       |     1 |     7 |   206 |   281 |   111 |       |       |       ||   606
         Storm dragon scal |       |       |       |       |       |   254 |   588 |   425 |   405 ||  1672
  Dodge: Dodged            |    53 |    41 |   113 |   179 |   361 |   402 |   676 |   557 |   530 ||  2912
  Block: Orb               |       |       |    62 |       |       |       |       |       |       ||    62
         Reflection        |       |       |     3 |     6 |       |       |       |       |       ||     9
         Other             |       |       |     2 |    27 |       |       |       |       |       ||    29

Table legend: (Time is in decaauts)
 A = Elapsed time spent in this place.
 B = Non-inter-level travel time spent in this place.
 C = Inter-level travel time spent in this place.
 D = Time resting spent in this place.
 E = Time spent auto-exploring this place.
 F = Levels seen in this place.
 G = Mean time per level.
                   A        B        C        D        E       F      G
               +--------+--------+--------+--------+--------+-----+--------+
         Total |  52868 |  46658 |   6210 |   3601 |  30450 |  53 |  997.5 |
       Dungeon |  15543 |  13608 |   1935 |    740 |  10287 |  15 | 1036.2 |
          Lair |   5710 |   5135 |    575 |      0 |   4070 |   5 | 1142.0 |
         Swamp |   2959 |   2791 |    168 |    102 |   1894 |   4 |  739.8 |
   Spider Nest |   3926 |   3578 |    348 |    145 |   2518 |   4 |  981.5 |
  Orcish Mines |   1995 |   1375 |    620 |     25 |    909 |   2 |  997.5 |
   Elven Halls |   3629 |   3025 |    604 |    350 |   1409 |   3 | 1209.7 |
        Vaults |   7559 |   6784 |    775 |    269 |   4523 |   5 | 1511.8 |
         Crypt |   3109 |   2796 |    313 |    536 |   1216 |   3 | 1036.3 |
        Depths |   6289 |   5460 |    829 |    862 |   3338 |   4 | 1572.2 |
           Zot |    633 |    594 |     39 |    123 |    284 |   2 |  316.5 |
         Abyss |    301 |    301 |      0 |     17 |      0 |   3 |  100.3 |
       Ossuary |    322 |    322 |      0 |    103 |      0 |   1 |  322.0 |
       Volcano |    349 |    349 |      0 |    255 |      0 |   1 |  349.0 |
        Wizlab |    536 |    536 |      0 |     74 |      0 |   1 |  536.0 |
               +--------+--------+--------+--------+--------+-----+--------+

Top non-repeatable levels by time:
Depths:2: 1772 daAuts
     D:7: 1764 daAuts
Vaults:2: 1667 daAuts
Vaults:5: 1667 daAuts
Depths:3: 1603 daAuts
  Lair:2: 1586 daAuts
  Lair:5: 1477 daAuts
Vaults:3: 1476 daAuts
    D:15: 1471 daAuts
Depths:1: 1460 daAuts
Depths:4: 1452 daAuts
Vaults:1: 1443 daAuts
   Orc:2: 1325 daAuts
   Elf:2: 1312 daAuts
   Elf:1: 1307 daAuts
